 Dungeon Crawl Stone Soup version 0.29-a0-322-g68df515428 (webtiles) character file.

Game seed: 444722913019195388

978 Murumi the Fighter (level 8, 0/92 HPs)
             Began as an Ogre Chaos Knight on Apr 8, 2022.
             Was a Plaything of Xom.
             Slain by an unseen horror (8 damage)
             ... on level 5 of the Dungeon.
             The game lasted 00:16:17 (4354 turns).

Murumi the Fighter (Ogre Chaos Knight)              Turns: 4354, Time: 00:16:18

Health: 0/92       AC:  7    Str: 19    XL:     8   Next: 17%
Magic:  12/12      EV: 10    Int: 13    God:    Xom [.....*]
Gold:   21         SH:  5    Dex:  8    Spells: 9/12 levels left

rFire   . . .      SeeInvis .   n - +0 giant spiked club
rCold   . . .      Faith    .   (shield currently unavailable)
rNeg    . . .      Spirit   .   b - +2 robe
rPois   .          Reflect  +   (helmet restricted)
rElec   .          Harm     .   k - +1 cloak "Joutz" {Regen+}
rCorr   +          Rampage  .   (gloves unavailable)
Will    .....                   (boots unavailable)
Stlth   +.........              m - amulet of reflection
HPRegen 1.05/turn               d - ring of resist corrosion
MPRegen 0.13/turn               (no ring)

@: about to teleport
A: large, unfitting armour, tough skin 1, MP-powered wands, noise suppression
a: Renounce Religion


You were on level 5 of the Dungeon.
You worshipped Xom.
You were Xom's teddy bear.
You visited 1 branch of the dungeon, and saw 5 of its levels.

You collected 329 gold pieces.
You spent 308 gold pieces at shops.

Inventory:

Hand Weapons
 j - a +0 flail
 n - a +0 giant spiked club (weapon)
Armour
 b - a +2 robe (worn)
 k - the +1 cloak "Joutz" (worn) {Regen+}
   (You bought it in a shop on level 1 of the Dungeon)

   Regen:     It increases your rate of health regeneration.
Jewellery
 a - a ring of ice
 d - a ring of resist corrosion (left hand)
 m - an amulet of reflection (around neck)
Scrolls
 f - 3 scrolls of teleportation
 p - a scroll of fear
Potions
 e - a potion of magic
 g - 2 potions of flight
 l - a potion of brilliance
 o - 2 potions of cancellation
Miscellaneous
 c - a piece from Xom's chessboard (14/15) (quivered)


   Skills:
 - Level 9.0 Fighting
 - Level 4.0 Maces & Flails
 - Level 1.0 Armour
 - Level 4.0 Dodging
 - Level 1.0 Stealth
 + Level 2.8 Spellcasting
 - Level 2.0 Translocations
 - Level 1.0 Evocations


You had 9 spell levels left.
You knew the following spells:

 Your Spells              Type           Power      Damage    Failure   Level
a - Lesser Beckoning      Tloc           7%         N/A       30%         3

Your spell library contained the following spells:

 Spells                   Type           Power      Damage    Failure   Level
 Blink                    Tloc           14%        N/A       16%         2
 Magic Dart               Conj           4%         1d3       24%         1
 Searing Ray              Conj           2%         2d4       34%         2
 Fulminant Prism          Conj/Hex       0%         3d6       93%         4
 Manifold Assault         Tloc           7%         N/A       96%         5


Dungeon Overview and Level Annotations

Branches:
Dungeon (5/15)
 Temple: D:4-7

Altars:
Elyvilon
Ru
Vehumet
Xom

Shops:
D:1 (*:   D:5 *


Innate Abilities, Weirdness & Mutations

You are too large for most types of armour.
You have tough skin. (AC +1)
You expend magic power (3 MP) to strengthen your wands.
You passively dampen the noise of your surroundings.


Message History

Okay, then.
You swing at nothing.
Something hits you.
* * * LOW HITPOINT WARNING * * *
Something hits you.
* * * LOW HITPOINT WARNING * * *
You miss something. Something hits you.
* * * LOW HITPOINT WARNING * * *
You closely miss something.
Something hits you but does no damage. x3
You swing at nothing.
Something hits you but does no damage.
You swing at nothing.
Something hits you.
* * * LOW HITPOINT WARNING * * *
Something hits you.
* * * LOW HITPOINT WARNING * * *
You hit something but do no damage. You block something's attack.
Something hits you!
* * * LOW HITPOINT WARNING * * *
Okay, then.
Okay, then.
You can't see anything.
Try to make a move anyway?
You make a move on Xom's chessboard...
Nothing appears to happen.
Something hits you but does no damage. x2
You hit something but do no damage. Something hits you.
* * * LOW HITPOINT WARNING * * *
You feel better. Something hits you.
* * * LOW HITPOINT WARNING * * *
Something hits you!
* * * LOW HITPOINT WARNING * * *
Okay, then.
Non-targeted evoke: piece from Xom's chessboard (14/15)
Press: ? - help, Q - select action, (/) - cycle Dir - look around, f - activate You can't see anything.
Try to make a move anyway?
Okay, then.
As you read the scroll of teleportation, it crumbles to dust.
You feel strangely unstable. Something hits you.
* * * LOW HITPOINT WARNING * * *
Something hits you.
* * * LOW HITPOINT WARNING * * *
Something hits you but does no damage. Something hits you!
You die... "This toy is broken."

#†#..### #.#.....#
#.#....# ..#.....#
#.#..####
####.....# ###
........#
..##.?...# #.##
###.#####
#.##.....# #..##
#.#
#.####.#######...#
#.#
#.####.####.^.....
#.#
#.##..............
#.#
#@##.#.##.#.......
#.#
#.##.#.##.####...#
#.#
#.##.#...........#
#.#
#.........####...#
####.###### #....
..# ##... ####
####


There were no monsters in sight!

Vanquished Creatures
  Sigmund (D:4)
  Duvessa (D:5)
  A sky beast (D:5)
  An ogre (D:4)
  A centaur (D:4)
  A kobold brigand (D:4)
  A bullfrog (D:4)
  Dowan (D:5)
  2 hounds
  A jelly (D:4)
  2 orc wizards (D:5)
  8 adders
  A shadow imp (D:5)
  A white imp (D:5)
  A worm (D:2)
  5 orcs
  An endoplasm (D:3)
  2 giant cockroaches (D:3)
  5 goblins
  8 hobgoblins
  10 jackals
  6 kobolds
  2 quokkas (D:4)
  7 ball pythons
  3 bats
  3 frilled lizards
  5 rats
81 creatures vanquished.

Notes
Turn   | Place    | Note
-------+----------+-------------------------------------------
     0 | D:1      | Murumi the Ogre Chaos Knight began the quest for the Orb.
     0 | D:1      | Reached XP level 1. HP: 24/24 MP: 1/1
   155 | D:1      | XOM: divination: detect creatures
   202 | D:1      | Found a faded altar of an unknown god.
   317 | D:1      | XOM: scenery: create altars
   406 | D:1      | Reached XP level 2. HP: 32/32 MP: 2/2
   473 | D:1      | XOM: enchant monster (good)
   539 | D:1      | XOM: divination: magic mapping
   659 | D:1      | Found Hetuypt's Book Shop.
   745 | D:1      | Found Oqaiguf's General Store.
   823 | D:1      | Found Tegifa's Weapon Emporium.
   836 | D:1      | XOM: god gift: 14 gold pieces
   984 | D:1      | XOM: 3-stop teleportation journey
  1319 | D:2      | You fall into a shaft and drop 1 floor!
  1337 | D:3      | Reached XP level 3. HP: 28/39 MP: 3/3
  1342 | D:3      | XOM: polymorph orc -> ball python
  1400 | D:3      | Reached skill level 1 in Armour
  1451 | D:3      | XOM: god gift: +0 mace of chaos
  1705 | D:3      | XOM: scenery: create altars
  1736 | D:3      | XOM: silly message
  1872 | D:2      | XOM is BORED!
  1889 | D:2      | Reached skill level 1 in Evocations
  1901 | D:2      | XOM: smoke on damage
  2031 | D:2      | Reached XP level 4. HP: 45/48 MP: 4/4
  2278 | D:1      | Reached skill level 1 in Stealth
  2296 | D:1      | Bought the +1 cloak "Joutz" {Regen+} for 181 gold pieces
  2310 | D:1      | XOM: cloud trail
  2625 | D:3      | XOM: 1-stop teleportation journey
  2647 | D:3      | XOM: silly message
  2798 | D:3      | XOM: give mutation
  2798 | D:3      | Gained mutation: You expend magic power (3 MP) to
                  | strengthen your wands. [Xom's mischief]
  2850 | D:3      | Found a radiant altar of Vehumet.
  2881 | D:3      | Reached skill level 5 in Fighting
  2939 | D:4      | Noticed a centaur
  2939 | D:4      | XOM: polymorph iguana -> adder
  2972 | D:4      | XOM: confuse monster(s)
  2981 | D:4      | Killed a centaur
  2982 | D:4      | Reached skill level 6 in Fighting
  2982 | D:4      | Reached XP level 5. HP: 61/61 MP: 5/5
  3099 | D:4      | Reached skill level 7 in Fighting
  3099 | D:4      | Reached XP level 6. HP: 31/71 MP: 6/6
  3154 | D:4      | Found a sacrificial altar of Ru.
  3228 | D:4      | XOM: summons 1 hostile shadow creature
  3332 | D:4      | Found a white marble altar of Elyvilon.
  3336 | D:4      | XOM: polymorph adder -> hobgoblin
  3348 | D:4      | XOM: give mutation
  3348 | D:4      | Gained mutation: You passively dampen the noise of your
                  | surroundings. [Xom's grace]
  3371 | D:4      | XOM: cloud trail
  3499 | D:4      | XOM is BORED!
  3658 | D:4      | Reached skill level 8 in Fighting
  3701 | D:4      | Reached XP level 7. HP: 51/80 MP: 7/7
  3733 | D:4      | Noticed Sigmund
  3741 | D:4      | Killed Sigmund
  3746 | D:4      | Learned a level 3 spell: Lesser Beckoning
  3804 | D:4      | XOM: cloud trail
  3811 | D:5      | Entered Level 5 of the Dungeon
  3906 | D:5      | XOM: fog
  3932 | D:5      | Reached skill level 9 in Fighting
  3934 | D:5      | Reached skill level 1 in Spellcasting
  3978 | D:5      | Found Queliumu's Assorted Antiques.
  3986 | D:5      | Bought a scroll labelled HITACW DYQUPNA for 26 gold pieces
  3986 | D:5      | Bought a scroll labelled OWIRAO LOSAR for 26 gold pieces
  3986 | D:5      | Bought a dark potion for 23 gold pieces
  3988 | D:5      | Bought a scroll of identify for 52 gold pieces
  4000 | D:5      | Reached skill level 1 in Translocations
  4066 | D:5      | XOM: scenery: summon butterflies
  4086 | D:5      | XOM: scenery: summon butterflies
  4105 | D:5      | Noticed Dowan
  4106 | D:5      | Noticed Duvessa
  4113 | D:5      | Killed Duvessa
  4114 | D:5      | Reached XP level 8. HP: 80/91 MP: 8/11
  4114 | D:5      | XOM: enchant monster (good)
  4116 | D:5      | Killed Dowan
  4354 | D:5      | Slain by an unseen horror

Illustrated notes

Levels and vault maps discovered:
D:1:      sevenhm_arrival_forest_fort_small_4, layout_basic, serial_shops, shop,
          nicolae_shop_bloodbath_and_beyond, shop,
          hellmonk_ecumenical_altar_inner_sanctum
D:2:      layout_basic
D:3:      layout_loops_ring, general_overflow_altar
D:4:      layout_basic, elyvilon_altar_5, nicolae_ru_path_of_blood, uniq_sigmund
D:5:      layout_loops_ring, riverfiend_overflow_shadow_ancestor,
          minmay_temple_entry_antechambers, serial_shops,
          nicolae_shop_overgrown_old_shop, uniq_duvessa

Skill      XL: |  1  2  3  4  5  6  7  8 |
---------------+-------------------------+-----
Maces & Flails | 3 4 |  4.0
Dodging        | 3 4 |  4.0
Armour         | 1 |  1.0
Evocations     | 1 |  1.0
Stealth        | 1 |  1.0
Fighting       | 6 7 8 9 |  9.0
Spellcasting   | 2 |  2.8
Translocations | 1 2 |  2.0

Action                   |  1- 3 |  4- 6 |  7- 9 || total
-------------------------+-------+-------+-------++-------
Melee: Mace              |    39 |       |       ||    39
       Whip              |    63 |    97 |       ||   160
       Flail             |    43 |    33 |       ||    76
       Giant spiked club |       |     8 |    71 ||    79
       Punch             |       |     1 |       ||     1
Evoke: Piece from Xom's  |       |       |     1 ||     1
  Use: Scroll            |     8 |     2 |     5 ||    15
       Potion            |       |       |     4 ||     4
 Stab: Petrified         |     1 |       |       ||     1
       Sleeping          |     1 |       |       ||     1
Armor: Robe              |    56 |    51 |    42 ||   149
       Skin              |       |       |    22 ||    22
Dodge: Dodged            |    66 |    76 |    15 ||   157
Block: Other             |       |     7 |    22 ||    29

Table legend: (Time is in decaauts)
 A = Elapsed time spent in this place.
 B = Non-inter-level travel time spent in this place.
 C = Inter-level travel time spent in this place.
 D = Time resting spent in this place.
 E = Time spent auto-exploring this place.
 F = Levels seen in this place.
 G = Mean time per level.
                   A        B        C        D        E       F      G
               +--------+--------+--------+--------+--------+-----+--------+
         Total |   4439 |   3941 |    498 |     10 |   3030 |   5 |  887.8 |
       Dungeon |   4439 |   3941 |    498 |     10 |   3030 |   5 |  887.8 |
               +--------+--------+--------+--------+--------+-----+--------+

Top non-repeatable levels by time:
     D:1: 1269 daAuts
     D:3: 980 daAuts
     D:4: 931 daAuts
     D:2: 737 daAuts
     D:5: 520 daAuts
